 Dungeon Crawl Stone Soup version 0.30-a0-341-g682706514a (webtiles) character file.

Game seed: 7482029190052405619

968 Elric the Spear-Bearer (level 8, 0/60 HPs)
             Began as a Merfolk Gladiator on Nov 2, 2022.
             Succumbed to an orc wizard's poison
             ... on level 5 of the Dungeon.
             The game lasted 00:08:35 (3637 turns).

Elric the Spear-Bearer (Merfolk Gladiator)          Turns: 3637, Time: 00:08:35

Health: 0/60       AC: 14    Str: 23    XL:     8   Next: 15%
Magic:  8/8        EV:  7    Int:  7    God:
Gold:   343        SH: 13    Dex: 15    Spells: 7/7 levels left

rFire   + . .      SeeInvis .    a - +0 trident
rCold   + . .      Faith    .    s - +0 kite shield
rNeg    . . .      Spirit   .    v - +0 storm dragon scales
rPois   .          Reflect  +    c - +0 helmet
rElec   +          Harm     .    q - scarf {rC+ rF+}
rCorr   .          Rampage  .    (no gloves)
Will    .....                    o - +1 pair of boots
Stlth   ..........               x - amulet of reflection
HPRegen 0.30/turn                m - +6 ring of strength
MPRegen 0.11/turn                (no ring)

@: lethally poisoned (0 -> -15), hasted, very quick
A: (nimble swimmer 2), mertail
a: no special abilities


You were on level 5 of the Dungeon.
You visited 1 branch of the dungeon, and saw 5 of its levels.

You collected 343 gold pieces.

Inventory:

Hand Weapons
 a - a +0 trident (weapon)
 d - a +7 scythe of distortion
Missiles
 e - 5 javelins (quivered)
 h - 3 throwing nets
Armour
 b - a +0 leather armour
 c - a +0 helmet (worn)
 o - a +1 pair of boots (worn)
 q - a scarf of resistance (worn)
 s - a +0 kite shield (worn)
 v - +0 storm dragon scales (worn)
Jewellery
 f - an amulet of guardian spirit
 m - a +6 ring of strength (left hand)
 x - an amulet of reflection (around neck)
Wands
 y - a wand of charming (3)
Scrolls
 g - a scroll of torment {unknown}
 i - 3 scrolls of identify {unknown}
 j - a scroll of noise {unknown}
 k - 4 scrolls of teleportation {unknown}
 l - a scroll of immolation {unknown}
 r - a scroll of blinking {unknown}
 u - a scroll of butterflies {unknown}
Potions
 n - a potion of haste
 p - a potion of cancellation {unknown}
 t - a potion of degeneration {unknown}
 w - a potion of heal wounds {unknown}


   Skills:
 + Level 4.3 Fighting
 + Level 10.2 Polearms
 - Level 2.0 Throwing
 + Level 2.3 Armour
 - Level 4.0 Dodging
 * Level 2.4 Shields


You had 7 spell levels left.
You didn't know any spells.
Your spell library contained the following spells:

 Spells                   Type           Power      Damage    Failure   Level
 Freeze                   Ice            0%         1d3       100%        1
 Cigotuvi's Dreadful Rot  Necr/Pois/Air  0%         N/A       100%        2
 Ensorcelled Hibernation  Hex/Ice        0%         N/A       100%        2
 Passwall                 Tmut/Erth      0%         N/A       100%        2
 Poisonous Vapours        Pois/Air       0%         N/A       100%        2
 Mephitic Cloud           Conj/Pois/Air  0%         N/A       100%        3
 Swiftness                Air            0%         N/A       100%        3


Dungeon Overview and Level Annotations

Branches:
Dungeon (5/15)
 Temple: D:4-7

Altars:
Trog
Wu Jian

Shops:
D:4 [


Innate Abilities, Weirdness & Mutations

((You are very nimble when in or above water. (Stealth+, EV+, Speed+++)))
Your lower body shifts to a powerful aquatic tail in water.


Message History

You block the orc priest's attack.
You closely miss the orc priest. The orc priest barely misses you.
You completely miss the orc priest. The orc priest misses you.
The orc wizard gestures wildly while chanting.
The orc wizard flickers and vanishes!
Deactivating autopickup; reactivate with Ctrl-A.
You hear a shout!
You closely miss the orc priest. The orc priest closely misses you.
You puncture the orc priest!
The orc priest is severely wounded.
You block the orc priest's attack.
You hit the orc priest.
The orc priest is almost dead.
The orc priest hits you but does no damage.
You puncture the orc priest!
You kill the orc priest!
Your +1 pair of boots unmelds from your body.
An orc and an orc wizard come into view.
The orc shouts!
Something hits you but does no damage.
You are poisoned.
Items here: ! )))) †††.
You feel sick. Something hits you but does no damage.
Things that are here:
a +0 trident; an orc corpse You puncture the orc wizard!
The orc wizard is severely wounded.
You feel sick. The orc wizard barely misses you.
The orc hits you but does no damage. Something hits you but does no damage.
You are lethally poisoned!
You barely miss the orc wizard.
The orc wizard is severely wounded.
* * * LOW HITPOINT WARNING * * *
You feel sick. You block the orc's attack.
The orc wizard hits you with a +0 dagger.
* * * LOW HITPOINT WARNING * * *
Something hits you but does no damage.
You are more poisoned.
It was a potion of haste.
You feel yourself speed up.
You die...

......... .......# ##
.......## . ..
......... #.##.
#........
#.#..##.....#
#.......o..# #
##~~.~~#@o# #
.≈≈≈~~~{)## #
~≈≈≈~~≈†≈≈#### .. #
≈≈≈~~≈≈≈≈≈≈#.##... #
≈≈≈~#≈≈≈≈≈≈...#... #
≈≈≈~≈≈#≈≈≈~~...... #
~≈≈~~≈≈~~≈≈≈~........
.
$#~...~~.~≈≈~........
# ♣?.<..(..~~........


You could see an orc wizard and an orc.

Vanquished Creatures
  Sigmund (D:4)
  2 black bears
  An ice beast (D:4)
  A phantom (D:4)
  3 hounds
  A gnoll bouda (D:3)
  An orc priest (D:5)
  Ijyb (D:4)
  An iguana (D:4)
  2 orc wizards (D:5)
  A gnoll (D:3)
  7 adders
  A shadow imp (D:5)
  An ufetubus (D:4)
  2 worms
  7 dart slugs
  15 orcs
  8 endoplasms
  3 giant cockroaches
  6 hobgoblins
  3 jackals (D:2)
  A quokka (D:3)
  4 ball pythons
  4 bats
  8 frilled lizards
  7 goblins
  9 kobolds
  7 rats
108 creatures vanquished.

Vanquished Creatures (others)
  6 plants (D:3)
6 creatures vanquished.

Grand Total: 114 creatures vanquished

Notes
Turn   | Place    | Note
-------+----------+-------------------------------------------
     0 | D:1      | Elric the Merfolk Gladiator began the quest for the Orb.
     0 | D:1      | Reached XP level 1. HP: 16/16 MP: 1/1
   231 | D:1      | Reached XP level 2. HP: 22/22 MP: 2/2
   407 | D:1      | Found a faded altar of an unknown god.
   415 | D:1      | Got Plato's Incunabulum of Hypothermia
   423 | D:1      | Reached skill level 5 in Polearms
   877 | D:2      | Reached XP level 3. HP: 27/27 MP: 1/3
  1089 | D:2      | Reached skill level 6 in Polearms
  1575 | D:3      | Reached XP level 4. HP: 33/33 MP: 4/4
  1775 | D:3      | Found an ornate altar of the Wu Jian Council.
  1791 | D:3      | Reached skill level 7 in Polearms
  1832 | D:3      | Found a bloodstained altar of Trog.
  1886 | D:3      | Reached XP level 5. HP: 27/38 MP: 3/5
  2060 | D:3      | Reached skill level 8 in Polearms
  2273 | D:3      | Noticed a black bear
  2280 | D:3      | Killed a black bear
  2281 | D:3      | Reached skill level 9 in Polearms
  2281 | D:3      | Reached XP level 6. HP: 42/44 MP: 6/6
  2793 | D:4      | Found Paneugra's Armour Shoppe.
  2796 | D:4      | Noticed an ice beast
  2797 | D:4      | Noticed Sigmund
  2819 | D:4      | Killed an ice beast
  2820 | D:4      | Reached skill level 1 in Armour
  2820 | D:4      | Reached XP level 7. HP: 47/52 MP: 5/7
  2836 | D:4      | Killed Sigmund
  3164 | D:4      | Identified the +7 dagger "Ufaipn" {vorpal, Drain Fly rF+
                  | rN+++}
  3181 | D:4      | Reached skill level 10 in Polearms
  3181 | D:4      | Reached skill level 1 in Shields
  3227 | D:4      | Noticed Ijyb
  3275 | D:4      | Killed Ijyb
  3366 | D:5      | Entered Level 5 of the Dungeon
  3435 | D:5      | Reached XP level 8. HP: 60/60 MP: 8/8
  3637 | D:5      | Succumbed to an orc wizard's poison

Illustrated notes

Levels and vault maps discovered:
D:1:      dpeg_arrival_boxorama, layout_loops_ring,
          shapermc_ecumenical_altar_rom_forum, minmay_misc_feat_columns,
          minmay_tripent
D:2:      layout_loops_ring, kennysheep_generic_room_3
D:3:      minmay_bubble_buster, layout_basic, mainiacjoe_overflow_tiny_flanked,
          nicolae_wu_jian_wuxing_cycle, lexackson_kobold_supper
D:4:      layout_rooms, serial_shops, shop, uniq_sigmund, uniq_ijyb
D:5:      kennysheep_slugbush, layout_loops_cross,
          grunt_dithmenos_smoke_and_mirrors, nicolae_yredelemnul_corpse_copse

Skill      XL: |  1  2  3  4  5  6  7  8 |
---------------+-------------------------+-----
Polearms       | 5 6 7 9 10 | 10.2
Fighting       | 3 4 |  4.3
Armour         | 1 2 |  2.3
Shields        | 1 2 |  2.4
Throwing       | |  2.0
Dodging        | |  4.0

Action                   |  1- 3 |  4- 6 |  7- 9 || total
-------------------------+-------+-------+-------++-------
Melee: Trident           |   141 |   168 |   135 ||   444
       Punch             |       |     3 |       ||     3
       Tailslap          |       |       |     1 ||     1
Throw: Throwing net      |       |       |     3 ||     3
       Javelin           |       |       |     1 ||     1
  Use: Potion            |       |       |     5 ||     5
 Stab: Sleeping          |     3 |     1 |       ||     4
Armor: Leather armour    |    46 |    30 |       ||    76
       Storm dragon scal |       |    23 |    71 ||    94
       Skin              |       |       |     3 ||     3
Dodge: Dodged            |    88 |    71 |    26 ||   185
Block: Kite shield       |       |       |    77 ||    77
       Reflection        |       |       |     2 ||     2

Table legend: (Time is in decaauts)
 A = Elapsed time spent in this place.
 B = Non-inter-level travel time spent in this place.
 C = Inter-level travel time spent in this place.
 D = Time resting spent in this place.
 E = Time spent auto-exploring this place.
 F = Levels seen in this place.
 G = Mean time per level.
                   A        B        C        D        E       F      G
               +--------+--------+--------+--------+--------+-----+--------+
         Total |   3614 |   3541 |     73 |    148 |   2532 |   5 |  722.8 |
       Dungeon |   3614 |   3541 |     73 |    148 |   2532 |   5 |  722.8 |
               +--------+--------+--------+--------+--------+-----+--------+

Top non-repeatable levels by time:
     D:3: 1066 daAuts
     D:4: 797 daAuts
     D:2: 764 daAuts
     D:1: 723 daAuts
     D:5: 262 daAuts
